 Dungeon Crawl Stone Soup version 0.21-a0-538-gd16b88a (webtiles) character file.

323 tidbits the Insei (level 6, -1/47 HPs)
             Began as a Gnoll Transmuter on Dec 16, 2017.
             Was a Follower of Cheibriados.
             Slain by an orc warrior
             ... wielding a +0 halberd
              (18 damage)
             ... on level 6 of the Dungeon.
             The game lasted 00:09:18 (1203 turns).

tidbits the Insei (Gnoll Transmuter)                Turns: 1203, Time: 00:09:18

Health: -1/47      AC:  2    Str: 14    XL:     6   Next: 47%
Magic:  9/14       EV: 24    Int: 20    God:    Cheibriados [*.....]
Gold:   50         SH:  0    Dex: 22    Spells: 9/15 levels left

rFire    . . .     SeeInvis .     - Unarmed
rCold    . . .     Gourm    .   (shield currently unavailable)
rNeg     . . .     Faith    .   (armour currently unavailable)
rPois    x         Spirit   .   (helmet currently unavailable)
rElec    .         Reflect  .   (cloak currently unavailable)
rCorr    .         Harm     .   (gloves currently unavailable)
MR       .....                  (boots currently unavailable)
Stlth    ++........             (no amulet)
HPRegen  0.15/turn              (no ring)
MPRegen  0.14/turn              (no ring)

@: spider-form (expiring), very slow
A: tiny, distributed training, strong nose
a: End Transformation, Bend Time, Renounce Religion


You were on level 6 of the Dungeon.
You worshipped Cheibriados.
Cheibriados was aware of your devotion.
You were full.
You were a venomous arachnid creature.
You visited 1 branch of the dungeon, and saw 7 of its levels.

You collected 193 gold pieces.
You spent 143 gold pieces at shops.

Inventory:

Hand Weapons
 f - a cursed -3 whip
 v - a +0 shortbow
Missiles
 a - 41 arrows
 k - 37 sling bullets
 l - 92 stones (quivered)
 m - 2 tomahawks
 t - 2 needles of paralysis
Armour
 b - a +0 robe (melded)
 s - a +3 ring mail
 w - +0 gold dragon scales
 D - a +0 ring mail
Wands
 u - a wand of iceblast (6)
 y - a wand of polymorph (20)
 F - a wand of digging (16)
Scrolls
 h - 5 scrolls of identify {unknown}
 n - a scroll of enchant weapon {unknown}
 p - 2 scrolls of immolation {unknown}
 q - 3 scrolls of remove curse {unknown}
 r - 2 scrolls of teleportation {unknown}
 E - a scroll of amnesia {unknown}
Potions
 e - 2 potions of curing
 i - 2 potions of berserk rage
 j - 3 potions of heal wounds
 o - a potion of agility {unknown}
 x - a potion of haste {unknown}
 z - a potion of cancellation {unknown}
 A - 2 potions of lignification {unknown}
 C - a potion of invisibility {unknown}
 G - a potion of flight {unknown}
Books
 c - a book of Changes

   Spells                             Type                      Level
   a - Beastly Appendage              Transmutation                1
   b - Sticks to Snakes               Transmutation                2
   c - Spider Form                    Transmutation/Poison         3
   d - Ice Form                       Ice/Transmutation            4
   e - Blade Hands                    Transmutation                5
Comestibles
 d - 5 bread rations
 g - 3 meat rations
 B - a fruit


   Skills:
 + Level 3.2 Fighting
 + Level 1.9 Short Blades
 + Level 1.9 Long Blades
 + Level 1.9 Axes
 + Level 1.9 Maces & Flails
 + Level 1.9 Polearms
 + Level 1.9 Staves
 + Level 1.9 Slings
 + Level 1.9 Bows
 + Level 1.9 Crossbows
 + Level 1.9 Throwing
 + Level 1.9 Armour
 + Level 5.0 Dodging
 + Level 1.9 Stealth
 + Level 1.9 Shields
 + Level 6.8 Unarmed Combat
 + Level 5.3 Spellcasting
 + Level 1.5 Conjurations
 + Level 1.5 Hexes
 + Level 1.5 Charms
 + Level 1.5 Summonings
 + Level 1.5 Necromancy
 + Level 1.5 Translocations
 + Level 4.1 Transmutations
 + Level 1.5 Fire Magic
 + Level 1.5 Ice Magic
 + Level 1.5 Air Magic
 + Level 1.5 Earth Magic
 + Level 1.5 Poison Magic
 + Level 2.1 Invocations
 + Level 1.9 Evocations


You had 9 spell levels left.
You knew the following spells:

 Your Spells              Type           Power        Failure   Level  Hunger
e - Beastly Appendage     Tmut           ###...       8%          1    None
k - Sticks to Snakes      Tmut           ###.....     11%         2    None
p - Spider Form           Tmut/Pois      ###.......   26%         3    ##.....


Dungeon Overview and Level Annotations

Branches:
Dungeon (7/15)
 Temple: D:4-7

Altars:
Ashenzari
Cheibriados
Elyvilon
Kikubaaqudgha
Nemelex Xobeh
Vehumet
Wu Jian
Xom

Shops:
D:6 !


Innate Abilities, Weirdness & Mutations

Your experience applies equally to all skills.
((You have very sharp teeth.))
Your uncanny sense of smell can sniff out nearby items.


Message History

There is a stone staircase leading up here.
You climb upwards.
There is a stone staircase leading down here.
Found a leather armour.
Found Zootsyif's Distillery.
You see here a leather armour.
There is an entrance to Zootsyif's Distillery here.
j - 2 potions of heal wounds (gained 1)
j - 3 potions of heal wounds (gained 1);
e - 2 potions of curing (gained 1) Thank you for shopping at Zootsyif's Distillery!
You can access your shopping list by pressing '$'.
Found a scroll labeled ISHU ECAWK.
It was a potion of berserk rage.
A red film seems to cover your vision as you go berserk!
Cheibriados protects you from inadvertent hurry.
You feel mighty!
You feel a strong urge to attack something.
Found a scroll labeled UCILUY HERIPUL.
Found a purple potion.
You feel your anger nearly subside.
You are no longer berserk.
You are exhausted.
You feel yourself slow down.
A giant cockroach and a zombie come into view.
Found a stone staircase leading down.
Things that are here:
a scroll labeled ISHU ECAWK; a spear
q - 3 scrolls labeled ISHU ECAWK (gained 1)
You feel yourself speed up.
There is a stone staircase leading down here.
There is a stone staircase leading up here.
Found a bone wand and a bubbling silvery potion.
You recover from your berserk rage.
You see here a wand of digging (16).
F - a wand of digging (16)
You see here a bubbling silvery potion.
G - a bubbling silvery potion
Found 10 gold pieces.
Found 11 gold pieces.
A scorpion comes into view.
You see here 10 gold pieces.
You now have enough gold to buy a potion of flight on this level.
You can access your shopping list by pressing '$'.
You now have 39 gold pieces (gained 10).
Found a bread ration.
An orc comes into view. It is wielding a flail of protection.
The orc shouts!
An orc warrior comes into view. It is wielding a halberd.
You see here 11 gold pieces.
You now have enough gold to buy a potion of agility on this level.
You can access your shopping list by pressing '$'.
You now have 50 gold pieces (gained 11).
Evoke which item? (* to show all) (? for menu, Esc to quit)
Aiming: Iceblast
Press: ? - help, Shift-Dir - straight line, f - orc
Aim: an orc, wielding a flail of protection The mass of ice explodes!
The iceblast engulfs the orc.
You kill the orc!
Cheibriados appreciates the change of pace.
The iceblast engulfs the orc warrior.
The orc warrior is moderately wounded.
The orc warrior shouts!
You hear a shout!
The scorpion closely misses you.
The orc warrior throws a tomahawk.
The tomahawk hits you!
Evoke which item? (* to show all) (? for menu, Esc to quit)
Aiming: Iceblast
Press: ? - help, Shift-Dir - straight line, f - orc warrior
Aim: an orc warrior, wielding a halberd and wearing a chain mail (moderately wounded)
The mass of ice explodes!
The iceblast engulfs the orc warrior.
The orc warrior is heavily wounded.
The scorpion stings you!
The orc warrior throws a tomahawk.
The tomahawk hits you!
* * * LOW HITPOINT WARNING * * *
An orc wizard comes into view. It is wielding a dagger of protection.
Casting: Spider Form
Confirm with . or Enter, or press ? or * to list all spells.
You turn into a venomous arachnid creature.
Your +0 robe melds into your body.
The scorpion completely misses you.
The orc warrior throws a tomahawk.
The tomahawk completely misses you.
You hit the scorpion but do no damage.
The scorpion is poisoned.
The orc wizard gestures wildly while chanting.
The orc wizard blinks!
The scorpion closely misses you.
The orc warrior throws a tomahawk.
The tomahawk hits you.
* * * LOW HITPOINT WARNING * * *
You hit the scorpion.
The scorpion looks as sick as possible!
The scorpion is moderately wounded.
The scorpion misses you.
You hit the scorpion but do no damage.
The scorpion looks as sick as possible!
The scorpion is severely wounded.
You kill the scorpion!
Cheibriados appreciates the change of pace.
Your Dodging skill increases to level 5!
The orc warrior throws a tomahawk.
The tomahawk barely misses you.
Your transformation is almost over.
You see here a scorpion corpse.
Unknown command.
Okay, then.
Casting: Spider Form
Confirm with . or Enter, or press ? or * to list all spells.
You create a snake!
You now have 41 arrows.
The orc warrior hits you with a halberd!!
You die...

## ∆
#.#.######## ..
#..........#
#.##
#.#.##.###.#
###...##.#.##.#
#.######
...........##.#
#.......
####..#.(####.#
##.....# #%
#..# #.#
#.###.# # #†.#
#.# #.# #.#
#s.# #.# #.#
#.# #oS# #.#
#.# ### #....
#.# ∆ #o.....
..# .#######
### . . .#


You could see an orc warrior, an orc wizard and a friendly ball python.

Vanquished Creatures
  A centaur (D:5)
  A scorpion (D:6)
  A howler monkey (D:4)
  A hound (D:4)
  Natasha (D:2)
  3 adders
  A howler monkey skeleton (D:4)
  An adder zombie (D:5)
  An adder skeleton (D:5)
  2 leopard geckos
  10 orcs
  A goblin (D:4)
  5 hobgoblins
  3 jackals (D:3)
  4 kobolds
  A quokka (D:2)
  2 bats
  A frilled lizard (D:1)
  A leopard gecko zombie (D:5)
  2 rats (D:1)
43 creatures vanquished.

Vanquished Creatures (collateral kills)
  An adder (D:3)
  A jackal (D:3)
  A bat (D:3)
3 creatures vanquished.

Grand Total: 46 creatures vanquished

Notes
Turn   | Place    | Note
-------+----------+-------------------------------------------
     0 | D:1      | tidbits the Gnoll Transmuter began the quest for the Orb.
     0 | D:1      | Reached XP level 1. HP: 17/17 MP: 6/6
    33 | D:2      | Noticed Natasha
    40 | D:2      | Killed Natasha
    40 | D:2      | Reached XP level 2. HP: 12/23 MP: 5/7
    40 | D:2      | Reached XP level 3. HP: 14/28 MP: 6/9
    75 | D:1      | Reached skill level 5 in Spellcasting
    80 | D:1      | Learned a level 2 spell: Sticks to Snakes
    84 | D:1      | Learned a level 3 spell: Spider Form
   230 | D:3      | Reached skill level 1 in Invocations
   246 | D:3      | Found a shattered altar of Ashenzari.
   282 | D:3      | Found an ornate altar of the Wu Jian Council.
   283 | D:3      | Found a sparkling altar of Nemelex Xobeh.
   301 | D:3      | Found a shimmering altar of Xom.
   309 | D:3      | Reached skill level 1 in Short Blades
   309 | D:3      | Reached skill level 1 in Long Blades
   309 | D:3      | Reached skill level 1 in Axes
   309 | D:3      | Reached skill level 1 in Maces & Flails
   309 | D:3      | Reached skill level 1 in Polearms
   309 | D:3      | Reached skill level 1 in Staves
   309 | D:3      | Reached skill level 1 in Slings
   309 | D:3      | Reached skill level 1 in Bows
   309 | D:3      | Reached skill level 1 in Crossbows
   309 | D:3      | Reached skill level 1 in Throwing
   309 | D:3      | Reached skill level 1 in Armour
   309 | D:3      | Reached skill level 1 in Stealth
   309 | D:3      | Reached skill level 1 in Shields
   309 | D:3      | Reached skill level 1 in Evocations
   320 | D:3      | Reached XP level 4. HP: 18/34 MP: 2/11
   410 | D:3      | Found a radiant altar of Vehumet.
   522 | D:3      | Found a faded altar of an unknown god.
   592 | D:4      | Found an ancient bone altar of Kikubaaqudgha.
   613 | D:4      | Found a snail-covered altar of Cheibriados.
   626 | D:4      | Became a worshipper of Cheibriados the Contemplative
   650 | D:5      | Entered Level 5 of the Dungeon
   718 | D:4      | Reached skill level 1 in Conjurations
   718 | D:4      | Reached skill level 1 in Hexes
   718 | D:4      | Reached skill level 1 in Charms
   718 | D:4      | Reached skill level 1 in Summonings
   718 | D:4      | Reached skill level 1 in Necromancy
   718 | D:4      | Reached skill level 1 in Translocations
   718 | D:4      | Reached skill level 1 in Fire Magic
   718 | D:4      | Reached skill level 1 in Ice Magic
   718 | D:4      | Reached skill level 1 in Air Magic
   718 | D:4      | Reached skill level 1 in Earth Magic
   718 | D:4      | Reached skill level 1 in Poison Magic
   718 | D:4      | Reached XP level 5. HP: 36/40 MP: 9/12
   732 | D:4      | Reached skill level 3 in Fighting
   734 | D:4      | Reached skill level 4 in Transmutations
   895 | D:5      | Noticed a centaur
   902 | D:5      | Killed a centaur
   902 | D:5      | Reached skill level 2 in Invocations
   902 | D:5      | Reached XP level 6. HP: 40/47 MP: 9/13
   958 | D:5      | Reached * piety under Cheibriados
  1052 | D:4      | Found a white marble altar of Elyvilon.
  1121 | D:6      | Found Zootsyif's Distillery.
  1128 | D:6      | Bought a potion of heal wounds for 55 gold pieces
  1128 | D:6      | Bought a potion of heal wounds for 55 gold pieces
  1128 | D:6      | Bought a potion of curing for 33 gold pieces
  1193 | D:6      | Noticed an orc warrior
  1200 | D:6      | Reached skill level 5 in Dodging
  1203 | D:6      | Slain by an orc warrior

Vault maps used:
D:1:      giann_forest_graveyard
D:2:      nicolae_gozag_cash_rules_everything_around_me, uniq_natasha
D:3:      lemuel_crystal_altar, nicolae_overflow_hidden_temple,
          nicolae_ashenzari_panopticon, gammafunk_temple_overflow_pools,
          vehumet_crystals, chequers_ecumenical_altar_island, first_bread
D:4:      corexii_shack_village, elyvilon_altar_4, cheibriados_altar_1,
          kiku_gazebo_pond_becter, uniq_grinder
D:5:      minmay_temple_entry_poolview
D:6:      serial_shops, shop, nicolae_shop_window_shopping, shop,
          kennysheep_generic_room_4
D:7:      grunt_temple_overflow_holy_war, nicolae_lava_and_water, uniq_menkaure

Skill      XL: |  1  2  3  4  5  6 |
---------------+-------------------+-----
Spellcasting   | 5 |  5.3
Invocations    | 1 2 |  2.1
Short Blades   | 1 |  1.9
Long Blades    | 1 |  1.9
Axes           | 1 |  1.9
Maces & Flails | 1 |  1.9
Polearms       | 1 |  1.9
Staves         | 1 |  1.9
Slings         | 1 |  1.9
Bows           | 1 |  1.9
Crossbows      | 1 |  1.9
Throwing       | 1 |  1.9
Armour         | 1 |  1.9
Stealth        | 1 |  1.9
Shields        | 1 |  1.9
Evocations     | 1 |  1.9
Conjurations   | 1 |  1.5
Hexes          | 1 |  1.5
Charms         | 1 |  1.5
Summonings     | 1 |  1.5
Necromancy     | 1 |  1.5
Translocations | 1 |  1.5
Fire Magic     | 1 |  1.5
Ice Magic      | 1 |  1.5
Air Magic      | 1 |  1.5
Earth Magic    | 1 |  1.5
Poison Magic   | 1 |  1.5
Fighting       | 3 |  3.2
Transmutations | 4 |  4.1
Dodging        | 5 |  5.0
Unarmed Combat | |  6.8

Action                   |  1- 3 |  4- 6 || total
-------------------------+-------+-------++-------
Melee: Unarmed           |    30 |    70 ||   100
       Punch             |     1 |       ||     1
 Cast: Beastly Appendage |     2 |       ||     2
       Spider Form       |     7 |    12 ||    19
       Sticks to Snakes  |     2 |     5 ||     7
Evoke: Wand              |       |     2 ||     2
  Use: Potion            |       |     1 ||     1
 Stab: Sleeping          |     3 |     1 ||     4
  Eat: Fruit             |     1 |     4 ||     5
       Royal jelly       |       |     1 ||     1
Armor: Robe              |       |     1 ||     1
       Skin              |       |     1 ||     1
Dodge: Dodged            |    22 |    76 ||    98

Table legend:
 A = Spawn XP
 B = Non-spawn XP
 C = Spawn XP percentage of total XP
 D = Spawn monster count
 E = Non-spawn monster count
 F = Spawn count percentage of total count
 G = Total turns spent on level
                    A         B        C        D         E        F      G
               +---------+---------+-------+---------+---------+-------+---------
         Total |       0 |     462 |   0.0 |       0 |      46 |   0.0 |  1203
               +---------+---------+-------+---------+---------+-------+---------
           D:1 |       0 |       8 |   0.0 |       0 |       6 |   0.0 |   159
           D:2 |       0 |      42 |   0.0 |       0 |       4 |   0.0 |    92
           D:3 |       0 |      59 |   0.0 |       0 |      14 |   0.0 |   324
           D:4 |       0 |     150 |   0.0 |       0 |      14 |   0.0 |   281
           D:5 |       0 |     130 |   0.0 |       0 |       6 |   0.0 |   251
           D:6 |       0 |      73 |   0.0 |       0 |       2 |   0.0 |    94
               +---------+---------+-------+---------+---------+-------+---------

Table legend:
 A = Turns spent in this place as a percentage of turns spent in the entire game.
 B = Non-inter-level travel turns spent in this place as a percentage of non-inter-level travel turns spent in the entire game.
 C = Inter-level travel turns spent in this place as a percentage of turns spent in this place.
 D = Turns resting spent in this place as a percentage of non-inter-level travel turns spent in this place.
 E = Turns spent auto-exploring this place as a percentage of non-inter-level travel turns spent in this place.
 F = Non-inter-level travel turns spent in this place divided by the number of levels of this place that you've seen.
                   A       B       C       D       E      F
               +-------+-------+-------+-------+-------+----------------------
         Total | 100.0 | 100.0 |   0.0 |   0.0 |   0.0 | 171.9
       Dungeon | 100.0 | 100.0 |   0.0 |   0.0 |   0.0 | 171.9
               +-------+-------+-------+-------+-------+----------------------

Table legend:
 A = Kills in this place as a percentage of kills in entire the game.
 B = Kills by you in this place as a percentage of kills by you in the entire game.
 C = Kills by friends in this place as a percentage of kills by friends in the entire game.
 D = Other kills in this place as a percentage of other kills in the entire game.
 E = Experience gained in this place as a percentage of experience gained in the entire game.
 F = Experience gained in this place divided by the number of levels of this place that you have seen.
                   A       B       C       D       E      F
               +-------+-------+-------+-------+-------+----------------------
         Total | 100.0 | 100.0 | 100.0 |   N/A | 100.0 |  66.0
       Dungeon | 100.0 | 100.0 | 100.0 |   N/A | 100.0 |  66.0
               +-------+-------+-------+-------+-------+----------------------

Vault maps used:
D:1:      giann_forest_graveyard
D:2:      nicolae_gozag_cash_rules_everything_around_me, uniq_natasha
D:3:      lemuel_crystal_altar, nicolae_overflow_hidden_temple,
          nicolae_ashenzari_panopticon, gammafunk_temple_overflow_pools,
          vehumet_crystals, chequers_ecumenical_altar_island, first_bread
D:4:      corexii_shack_village, elyvilon_altar_4, cheibriados_altar_1,
          kiku_gazebo_pond_becter, uniq_grinder
D:5:      minmay_temple_entry_poolview
D:6:      serial_shops, shop, nicolae_shop_window_shopping, shop,
          kennysheep_generic_room_4
D:7:      grunt_temple_overflow_holy_war, nicolae_lava_and_water, uniq_menkaure
